 Dungeon Crawl Stone Soup version 0.21.0-25-ge575cb9 (webtiles) character file.

97 tidbits the Sneak (level 4, 0/38 HPs)
             Began as a Gnoll Assassin on Jan 26, 2018.
             Slain by Pikel
             ... wielding a +2 whip of freezing
              (5 damage)
             ... on level 4 of the Dungeon.
             The game lasted 00:04:26 (421 turns).

tidbits the Sneak (Gnoll Assassin)                   Turns: 421, Time: 00:04:27

Health: 0/38       AC:  3    Str: 13    XL:     4   Next: 68%
Magic:  5/5        EV: 14    Int: 14    God:
Gold:   51         SH:  0    Dex: 19    Spells: 5/5 levels left

rFire    . . .     SeeInvis .   a - +2 dagger
rCold    . . .     Gourm    .   (no shield)
rNeg     . . .     Faith    .   c - +0 robe
rPois    .         Spirit   .   (no helmet)
rElec    .         Reflect  .   d - +0 cloak
rCorr    .         Harm     .   (no gloves)
MR       .....                  (no boots)
Stlth    ++++......             (no amulet)
HPRegen  0.52/turn              (no ring)
MPRegen  0.09/turn              (no ring)

@: hasted, very quick
A: distributed training, claws 1, fangs 1, agile 1, regeneration 1, MP-powered
wands, strong nose
a: no special abilities


You were on level 4 of the Dungeon.
You were full.

You visited 1 branch of the dungeon, and saw 4 of its levels.

You collected 51 gold pieces.

Inventory:

Hand Weapons
 a - a +2 dagger (weapon)
 b - a +0 blowgun
Missiles
 e - 5 poisoned needles
Armour
 c - a +0 robe (worn)
 d - a +0 cloak (worn)
 m - the +2 leather armour of the Wary Friends {Str+7 Int+6, unknown}
   (You found it on level 4 of the Dungeon)

   It affects your strength (+7).
   It affects your intelligence (+6).
Scrolls
 i - a scroll of magic mapping {unknown}
 l - a scroll of teleportation {unknown}
Comestibles
 g - 4 rations


   Skills:
 + Level 4.6 Fighting
 + Level 4.6 Short Blades
 + Level 1.2 Long Blades
 + Level 1.2 Axes
 + Level 1.2 Maces & Flails
 + Level 1.2 Polearms
 + Level 1.2 Staves
 + Level 1.2 Slings
 + Level 1.2 Bows
 + Level 1.2 Crossbows
 + Level 4.6 Throwing
 + Level 1.2 Armour
 + Level 2.8 Dodging
 + Level 7.8 Stealth
 + Level 1.2 Shields
 + Level 1.2 Unarmed Combat
 + Level 1.2 Spellcasting
 + Level 1.0 Conjurations
 + Level 1.0 Hexes
 + Level 1.0 Charms
 + Level 1.0 Summonings
 + Level 1.0 Necromancy
 + Level 1.0 Translocations
 + Level 1.0 Transmutations
 + Level 1.0 Fire Magic
 + Level 1.0 Ice Magic
 + Level 1.0 Air Magic
 + Level 1.0 Earth Magic
 + Level 1.0 Poison Magic
 + Level 1.3 Invocations
 + Level 1.2 Evocations


You had 5 spell levels left.
You didn't know any spells.

Dungeon Overview and Level Annotations

Branches:
Dungeon (4/15)
 Temple: D:4-7

Altars:

Annotations:
D:4 Pikel


Innate Abilities, Weirdness & Mutations

Your experience applies equally to all skills.
You have very sharp teeth.
Your uncanny sense of smell can sniff out nearby items.
You have sharp fingernails.
You are agile. (Dex +2)
Your natural rate of healing is unusually fast.
You expend magic power (3 MP) to strengthen your wands.


Message History

You open the door.
There is an open door here.
Wield which item (- for none, * to show all)? (? for menu, Esc to quit)
b - a +0 blowgun (weapon)
Quiver which item? (- for none, * to show all) (? for menu, Esc to quit)
Quivering
e - 8 poisoned needles for blowguns.
Firing (i - inventory. (,) - cycle):
e - 8 poisoned needles (quivered)
Press: ? - help, Shift-Dir - straight line, f - slave
Aim: a slave, wearing an animal skin You shoot a poisoned needle.
The poisoned needle hits the slave.
The slave is poisoned.
Firing (i - inventory. (,) - cycle):
e - 7 poisoned needles (quivered)
Press: ? - help, Shift-Dir - straight line, f - slave
Aim: a slave, wearing an animal skin (lightly wounded, poisoned)
You shoot a poisoned needle. The poisoned needle hits the slave.
The slave looks even sicker.
The slave is lightly wounded.
The slave hits you.
Firing (i - inventory. (,) - cycle):
e - 6 poisoned needles (quivered)
Press: ? - help, Shift-Dir - straight line, f - slave
Aim: a slave, wearing an animal skin (lightly wounded, poisoned)
You shoot a poisoned needle. The poisoned needle hits the slave!
The slave looks as sick as possible!
The slave is lightly wounded.
The slave hits you.
Wield which item (- for none, * to show all)? (? for menu, Esc to quit)
a - a +2 dagger (weapon)
The slave hits you.
You miss the slave.
The slave is lightly wounded.
The slave shouts!
You hit the slave but do no damage.
The slave is lightly wounded.
The slave hits you.
You hit the slave but do no damage. You bite the slave.
The slave is lightly wounded.
The slave closely misses you.
You hit the slave.
The slave is moderately wounded.
The slave hits you!
* * * LOW HITPOINT WARNING * * *
A centaur comes into view.
It was a potion of mutation.
You feel extremely strange.
You feel your magical essence link to your wands.
You feel agile.
You begin to heal more quickly.
Your fingernails lengthen.
The centaur moves out of view.
A slave comes into view.
It was a potion of heal wounds.
You feel much better.
b - a +0 blowgun (weapon)
Pikel sighs. "I should capture elves; my bodyguards all look the same!"
Pikel hits you with a whip of freezing. Pikel freezes you.
A slave comes into view.
Quiver which item? (- for none, * to show all) (? for menu, Esc to quit)
Quivering
f - a curare-tipped needle for blowguns.
Firing (i - inventory. (,) - cycle):
f - a curare-tipped needle (quivered)
Press: ? - help, Shift-Dir - straight line, f - Pikel
Aim: Pikel, wielding a whip of freezing and wearing an embroidered robe You shoot a curare-tipped needle.
The curare-tipped needle hits Pikel.
Pikel is poisoned.
Pikel convulses.
Pikel seems to slow down.
Pikel is lightly wounded.
The slave shouts!
Wield which item (- for none, * to show all)? (? for menu, Esc to quit)
a - a +2 dagger (weapon)
Pikel closely misses you.
You aren't carrying any items that you can evoke.
Unknown command.
You hit Pikel but do no damage.
Pikel is moderately wounded.
You hit Pikel.
Pikel is moderately wounded.
Pikel hits you with a whip of freezing. Pikel freezes you.
You barely miss Pikel.
Pikel is moderately wounded.
Pikel hits you with a whip of freezing!
* * * LOW HITPOINT WARNING * * *
Pikel freezes you.
* * * LOW HITPOINT WARNING * * *
It was a potion of haste.
You feel yourself speed up.
You hit Pikel but do no damage.
Pikel is moderately wounded.
Pikel closely misses you.
You hit Pikel but do no damage.
Pikel is heavily wounded.
You barely miss Pikel.
Pikel is heavily wounded.
You kill the slave!
That felt strangely unrewarding.
You hit Pikel but do no damage.
Pikel is heavily wounded.
Pikel hits you with a whip of freezing!
* * * LOW HITPOINT WARNING * * *
Pikel freezes you.
* * * LOW HITPOINT WARNING * * *
You closely miss Pikel.
Pikel is heavily wounded.
Pikel is no longer moving slowly.
You barely miss Pikel.
Pikel is heavily wounded.
Pikel hits you with a whip of freezing.
You die...

###. #...# #
##.#.#.#####.### .
.............
#.#.#.......# #.#.#.#@#
#. ...#.#K# #. ###.#.#p#
#.##..<..#p#
#......###p######## #
#......'..........#
###.##......##.........#
............##.........#
#.........##.....K...#


You could see Pikel and 3 slaves.

Vanquished Creatures
  A slave (D:4)
  An orc wizard (D:3)
  A centaur skeleton (D:4)
  2 adders
  A dart slug (D:2)
  A worm (D:3)
  4 orcs (D:3)
  3 goblins
  A kobold (D:1)
  A bat (D:3)
  3 frilled lizards
  A rat (D:1)
20 creatures vanquished.

Notes
Turn   | Place    | Note
-------+----------+-------------------------------------------
     0 | D:1      | tidbits the Gnoll Assassin began the quest for the Orb.
     0 | D:1      | Reached XP level 1. HP: 20/20 MP: 1/1
    88 | D:2      | Reached XP level 2. HP: 26/26 MP: 2/2
   181 | D:3      | Reached XP level 3. HP: 30/31 MP: 3/3
   227 | D:3      | Reached skill level 1 in Long Blades
   227 | D:3      | Reached skill level 1 in Axes
   227 | D:3      | Reached skill level 1 in Maces & Flails
   227 | D:3      | Reached skill level 1 in Polearms
   227 | D:3      | Reached skill level 1 in Staves
   227 | D:3      | Reached skill level 1 in Slings
   227 | D:3      | Reached skill level 1 in Bows
   227 | D:3      | Reached skill level 1 in Crossbows
   227 | D:3      | Reached skill level 1 in Armour
   227 | D:3      | Reached skill level 1 in Shields
   227 | D:3      | Reached skill level 1 in Unarmed Combat
   227 | D:3      | Reached skill level 1 in Spellcasting
   227 | D:3      | Reached skill level 1 in Invocations
   227 | D:3      | Reached skill level 1 in Evocations
   227 | D:3      | Reached XP level 4. HP: 33/38 MP: 3/5
   374 | D:4      | Reached skill level 1 in Conjurations
   374 | D:4      | Reached skill level 1 in Hexes
   374 | D:4      | Reached skill level 1 in Charms
   374 | D:4      | Reached skill level 1 in Summonings
   374 | D:4      | Reached skill level 1 in Necromancy
   374 | D:4      | Reached skill level 1 in Translocations
   374 | D:4      | Reached skill level 1 in Transmutations
   374 | D:4      | Reached skill level 1 in Fire Magic
   374 | D:4      | Reached skill level 1 in Ice Magic
   374 | D:4      | Reached skill level 1 in Air Magic
   374 | D:4      | Reached skill level 1 in Earth Magic
   374 | D:4      | Reached skill level 1 in Poison Magic
   381 | D:4      | Noticed a slave
   383 | D:4      | Noticed Pikel
   384 | D:4      | Noticed a slave
   385 | D:4      | Got a polished leather armour
   407 | D:4      | Noticed a centaur
   407 | D:4      | Gained mutation: You expend magic power (3 MP) to strengthen your wands. [potion of mutation]
   407 | D:4      | Gained mutation: You are agile. (Dex +2) [potion of mutation]
   407 | D:4      | Gained mutation: Your natural rate of healing is unusually fast. [potion of mutation]
   407 | D:4      | Gained mutation: You have sharp fingernails. [potion of mutation]
   408 | D:4      | Noticed a slave
   410 | D:4      | Noticed a slave
   418 | D:4      | Killed a slave
   421 | D:4      | Slain by Pikel

Skill      XL: |  1  2  3  4 |
---------------+-------------+-----
Long Blades    | 1 |  1.2
Axes           | 1 |  1.2
Maces & Flails | 1 |  1.2
Polearms       | 1 |  1.2
Staves         | 1 |  1.2
Slings         | 1 |  1.2
Bows           | 1 |  1.2
Crossbows      | 1 |  1.2
Armour         | 1 |  1.2
Shields        | 1 |  1.2
Unarmed Combat | 1 |  1.2
Spellcasting   | 1 |  1.2
Invocations    | 1 |  1.3
Evocations     | 1 |  1.2
Conjurations   | 1 |  1.0
Hexes          | 1 |  1.0
Charms         | 1 |  1.0
Summonings     | 1 |  1.0
Necromancy     | 1 |  1.0
Translocations | 1 |  1.0
Transmutations | 1 |  1.0
Fire Magic     | 1 |  1.0
Ice Magic      | 1 |  1.0
Air Magic      | 1 |  1.0
Earth Magic    | 1 |  1.0
Poison Magic   | 1 |  1.0
Fighting       | |  4.6
Short Blades   | |  4.6
Throwing       | |  4.6
Dodging        | |  2.8
Stealth        | |  7.8

Action                   |  1- 3 |  4- 6 || total
-------------------------+-------+-------++-------
Melee: Dagger            |    34 |    37 ||    71
       Bite              |     1 |     4 ||     5
 Fire: Blowgun           |     2 |     5 ||     7
  Use: Potion            |       |     3 ||     3
 Stab: Sleeping          |     3 |     2 ||     5
  Eat: Ration            |     1 |       ||     1
Armor: Robe              |     2 |     1 ||     3
Dodge: Dodged            |    19 |    15 ||    34

Table legend:
 A = Turns spent in this place as a percentage of turns spent in the entire game.
 B = Non-inter-level travel turns spent in this place as a percentage of non-inter-level travel turns spent in the entire game.
 C = Inter-level travel turns spent in this place as a percentage of turns spent in this place.
 D = Turns resting spent in this place as a percentage of non-inter-level travel turns spent in this place.
 E = Turns spent auto-exploring this place as a percentage of non-inter-level travel turns spent in this place.
 F = Non-inter-level travel turns spent in this place divided by the number of levels of this place that you've seen.
                   A       B       C       D       E      F
               +-------+-------+-------+-------+-------+----------------------
         Total | 100.0 | 100.0 |   0.0 |   0.0 |   0.0 | 105.2
       Dungeon | 100.0 | 100.0 |   0.0 |   0.0 |   0.0 | 105.2
               +-------+-------+-------+-------+-------+----------------------

Table legend:
 A = Kills in this place as a percentage of kills in entire the game.
 B = Kills by you in this place as a percentage of kills by you in the entire game.
 C = Kills by friends in this place as a percentage of kills by friends in the entire game.
 D = Other kills in this place as a percentage of other kills in the entire game.
 E = Experience gained in this place as a percentage of experience gained in the entire game.
 F = Experience gained in this place divided by the number of levels of this place that you have seen.
                   A       B       C       D       E      F
               +-------+-------+-------+-------+-------+----------------------
         Total | 100.0 | 100.0 |   N/A |   N/A | 100.0 |  34.8
       Dungeon | 100.0 | 100.0 |   N/A |   N/A | 100.0 |  34.8
               +-------+-------+-------+-------+-------+----------------------

Vault maps used:
D:1:      minmay_arrival_plants_in_alcoves
D:2:      lemuel_crystal_altar, st_stairs_11
D:3:      lemuel_round_altar, first_ration, cheibrodos_gnoll_hut
D:4:      makhleb_altar_promises_db, minivault_14, uniq_blork_the_orc,
          uniq_pikel
